 Dungeon Crawl Stone Soup version 0.31-a0-233-g139696dc86 (webtiles) character file.

Game seed: 15991973771074490795

668 Monkooky the Changer (level 7, 35/35 HPs)
             Began as a Felid Transmuter on July 9, 2023.
             Was an Initiate of Gozag.
             Quit the game on level 5 of the Dungeon.
             The game lasted 00:10:42 (4560 turns).

Monkooky the Changer (Felid Transmuter)             Turns: 4560, Time: 00:10:43

Health: 35/35      AC:  2    Str:  8    XL:     7   Next: 32%
Magic:  20/20      EV: 17    Int: 15    God:    Gozag
Gold:   297        SH:  0    Dex: 16    Spells: 0/10 levels left
                                        Lives:  0   Deaths: 2

rFire   . .          .
                       - Unarmed
rCold   . . .        (shield unavailable)
rNeg    . . .        (body armour unavailable)
rPois   +            (helmet unavailable)
rElec   .            (cloak unavailable)
rCorr   .            (gloves unavailable)
SInv    +            (boots unavailable)
Will    +....        j - amulet of guardian spirit
Stlth   +            b - ring of magical power
HPRegen 0.25/turn    p - ring of poison resistance
MPRegen 0.17/turn

%: guardian spirit
@: quick
A: very small, claws 1, fangs 3, see invisible, speed 1, shaggy fur 2, stealthy
paws, no weapons or thrown items, no armour, multi-lived
a: Renounce Religion, Potion Petition, Call Merchant, Bribe Branch


You were on level 5 of the Dungeon.
You worshipped Gozag.
Gozag was aware of your devotion.
You visited 2 branches of the dungeon, and saw 6 of its levels.

You collected 378 gold pieces.
You paid 81 gold pieces to Gozag.

Inventory:

Jewellery
 b - a ring of magical power (left paw)
 c - an amulet of reflection
 j - an amulet of guardian spirit (around neck)
 p - a ring of poison resistance (right paw)
 r - a ring of protection from fire
 s - a ring of resist corrosion
Wands
 o - a wand of mindburst (9)
 t - a wand of paralysis (5)
Scrolls
 a - a scroll of enchant weapon {unknown}
 d - a scroll of enchant armour {unknown}
 e - a scroll of blinking {unknown}
 f - a scroll of noise {unknown}
 g - 2 scrolls of poison
 h - 3 scrolls of identify {unknown}
 i - a scroll of teleportation {unknown}
 n - a scroll of brand weapon {unknown}
Potions
 k - a potion of magic {unknown}
 l - a potion of haste
 m - 2 potions of curing {unknown}
 q - a potion of enlightenment {unknown}


   Skills:
 - Level 6.5 Fighting
 - Level 2.6 Dodging
 - Level 4.0 Unarmed Combat
 + Level 2.0 Spellcasting
 - Level 7.0 Transmutations
 - Level 4.0 Ice Magic
 - Level 3.1 Poison Magic
 - Level 2.0 Evocations


You couldn't memorise any spells.
You knew the following spells:

 Your Spells              Type           Power      Damage    Failure   Level
a - Beastly Appendage     Tmut           44%        N/A       1%          1
b - Wereblood             Tmut           22%        N/A       1%          2
c - Spider Form           Tmut/Pois      16%        N/A       9%          3
d - Ice Form              Ice/Tmut       18%        N/A       22%         4

Your spell library contained the following spells:

 Spells                   Type           Power      Damage    Failure   Level
 Sublimation of Blood     Necr           1%         N/A       32%         2
 Petrify                  Tmut/Erth      12%        N/A       45%         4
 Irradiate                Conj/Tmut      6%         3d13      82%         5


Dungeon Overview and Level Annotations

Branches:
Dungeon (5/15)             Temple (1/1) D:4

Altars:
Ashenzari
Cheibriados
Dithmenos
Elyvilon
Fedhas
Gozag
Hepliaklqana
Kikubaaqudgha
Makhleb
Nemelex Xobeh
Okawaru
Qazlal
Ru
Sif Muna
Trog
Uskayaw
Vehumet
Wu Jian
Xom
Yredelemnul
Zin
The Shining One

Annotations:
D:3 exclusion: downstairs
D:4 1 runed translucent door, Crazy Yiuf
D:5 Iniera's ghost, novice DEAE


Innate Abilities, Weirdness & Mutations

You have sharp claws.
You have razor-sharp teeth.
You have supernaturally acute eyesight. (SInv)
You cover ground quickly. (Speed+)
You are covered in thick fur. (AC +2)
Your paws help you pounce on unaware monsters.
You are incapable of wielding weapons or throwing items.
You cannot wear armour.
You gain extra lives every three experience levels.


Message History

You are engulfed in a cloud of scalding steam.
The steam dragon bites you! The steam dragon barely misses you.
The steam dragon bites you. The steam dragon claws you.
You hit the steam dragon but do no damage.
The steam dragon barely misses you. The steam dragon closely misses you.
The phantom hits you but does no damage.
You hit the steam dragon. You freeze the steam dragon.
The steam dragon is lightly wounded.
You are engulfed in a cloud of scalding steam.
The steam dragon bites you.
The steam dragon claws you but does no damage.
The phantom misses you.
You hit the steam dragon. You freeze the steam dragon.
The steam dragon is moderately wounded.
The steam dragon breathes steam at you. The ball of steam hits you!!
The steam scalds you terribly!
* * * LOW HITPOINT WARNING * * *
The phantom hits you.
* * * LOW HITPOINT WARNING * * *
The phantom blinks!
You blink.
The air fills with toxic fumes!
As you read the scroll labelled MOHIS QI UDYL, it crumbles to dust.
It was a scroll of poison.
The phantom barely misses you.
It was a potion of haste.
You feel yourself speed up.
The phantom hits you but does no damage.
Okay, then.
The steam dragon breathes steam at you. The ball of steam hits you!!
The steam scalds you terribly!
You die...
Your shape twists and changes as you die.
You are now level 7!
You warm up again.
You rejoin the land of the living...
Found a scroll labelled ADOPSU VAXUSM.
Save game and exit?
Level annotation: Iniera's ghost, novice DEAE Welcome back, Monkooky the Felid Transmuter.
Gozag says: Greed is good.
Press ? for a list of commands and other information.
Are you sure you want to abandon this character and quit the game? (Confirm with "yes".)

#### ..# #.#
#@# #?.......#
#. #.##.###.#
#.##. #.# .#
.... ..###.#
...####...#
#........#
#........###
####...#.......


There were no monsters in sight!

Vanquished Creatures
  A two-headed ogre (D:5)
  Pikel (D:4)
  Sigmund (D:4)
  A water moccasin (D:5)
  An ogre (D:4)
  3 lemures (D:4)
  A bullfrog (D:4)
  A scorpion (D:5)
  A hound (D:5)
  A jelly (D:5)
  An orc priest (D:3)
  2 iguanas
  A sleepcap (D:5)
  An adder (D:4)
  A white imp (D:5)
  2 ufetubi
  A dart slug (D:2)
  A worm (D:3)
  7 orcs
  5 bats
  4 endoplasms
  3 giant cockroaches (D:1)
  6 goblins
  4 hobgoblins
  7 jackals (D:4)
  6 kobolds
  3 quokkas
  2 ball pythons
  4 frilled lizards
  4 rats
77 creatures vanquished.

Notes
Turn   | Place    | Note
-------+----------+-------------------------------------------
     0 | D:1      | Monkooky the Felid Transmuter began the quest for the Orb.
     0 | D:1      | Reached XP level 1. HP: 9/9 MP: 4/4
   228 | D:1      | Reached XP level 2. HP: 7/12 MP: 4/6
   691 | D:1      | Learned a level 2 spell: Wereblood
   928 | D:2      | Reached XP level 3. HP: 15/15 MP: 5/7
  1447 | D:2      | Learned a level 3 spell: Spider Form
  1961 | D:3      | Reached skill level 3 in Transmutations
  2365 | D:3      | Reached skill level 1 in Poison Magic
  2365 | D:3      | Reached XP level 4. HP: 19/19 MP: 8/8
  2423 | D:4      | Noticed Pikel
  2423 | D:4      | Noticed a lemure
  2423 | D:4      | Noticed a lemure
  2423 | D:4      | Noticed a lemure
  2424 | D:4      | Noticed a lemure
  2484 | D:4      | Noticed a bullfrog
  2492 | D:4      | Killed a bullfrog
  2493 | D:4      | Reached skill level 4 in Transmutations
  2493 | D:4      | Reached XP level 5. HP: 22/22 MP: 9/9
  2505 | D:4      | Noticed an ogre
  2562 | D:4      | Killed an ogre
  2563 | D:4      | Gained mutation: You are covered in thick fur. (AC +2)
                  | [Felid growth]
  2563 | D:4      | Reached XP level 6. HP: 25/25 MP: 10/10
  2597 | D:4      | Found a shadowy altar of Dithmenos.
  2654 | D:4      | Noticed Sigmund
  2698 | D:4      | Killed Sigmund
  3095 | D:4      | HP: 1/28 [lemure[Pikel] (2)]
  3280 | D:4      | Found a runed translucent door.
  3281 | D:4      | Noticed Crazy Yiuf
  3303 | D:4      | Found a staircase to the Ecumenical Temple.
  3310 | Temple   | Entered the Ecumenical Temple
  3581 | Temple   | Became a worshipper of Gozag Ym Sagoz the Greedy
  3861 | D:4      | Killed Pikel
  3862 | D:4      | Reached XP level 7. HP: 8/35 MP: 2/11
  4050 | D:5      | Entered Level 5 of the Dungeon
  4050 | D:5      | Noticed a two-headed ogre
  4060 | D:5      | Slain by a two-headed ogre
  4061 | D:5      | Reached XP level 6. HP: -1/31 MP: 0/19
  4061 | D:5      | Reached skill level 1 in Evocations
  4061 | D:5      | Reached XP level 7. HP: 35/35 MP: 11/11
  4089 | D:5      | Learned a level 4 spell: Ice Form
  4106 | D:5      | Reached skill level 5 in Transmutations
  4106 | D:5      | Noticed a hornet
  4144 | D:5      | Noticed Iniera's ghost (novice DEAE)
  4155 | D:5      | Reached skill level 1 in Ice Magic
  4489 | D:5      | Killed a two-headed ogre
  4490 | D:5      | Reached skill level 7 in Transmutations
  4490 | D:5      | Reached XP level 8. HP: 26/39 MP: 12/12
  4556 | D:5      | HP: 2/46 [steam dragon/ball of steam (16)]
  4559 | D:5      | Killed from afar by a steam dragon
  4560 | D:5      | Reached XP level 7. HP: -21/42 MP: 0/20
  4560 | D:5      | Quit the game

Illustrated notes

Levels and vault maps discovered:
D:1:      spicycebolla_green_bress_n_ham, layout_basic
D:2:      layout_loops_ring
D:3:      layout_basic
D:4:      layout_cave_pools, amcnicky_altar_gilded, temple_doors_ab,
          grunt_decor_cap, uniq_pikel, uniq_crazy_yiuf_cottage, uniq_sigmund
D:5:      layout_loops_cross, gammafunk_ghost_hive, st_stairs_14
Temple:   regret_index_temple_sigil_plot

Skill      XL: |  1  2  3  4  5  6  7 |
---------------+----------------------+-----
Unarmed Combat | 4 |  4.0
Transmutations | 3 4 7 |  7.0
Poison Magic   | 1 2 3 |  3.1
Fighting       | 6 |  6.5
Evocations     | 1 2 |  2.0
Ice Magic      | 4 |  4.0
Dodging        | |  2.6
Spellcasting   | |  2.0

Action                     |  1- 3 |  4- 6 |  7- 9 || total
---------------------------+-------+-------+-------++-------
  Melee: Unarmed           |   110 |   106 |    56 ||   272
         Headbutt          |    11 |       |     1 ||    12
         Bite              |     8 |     2 |     3 ||    13
         Punch             |     4 |     1 |     1 ||     6
   Cast: Beastly Appendage |    31 |       |     2 ||    33
         Spider Form       |     1 |    11 |     4 ||    16
         Wereblood         |       |     4 |       ||     4
         Ice Form          |       |       |     1 ||     1
  Evoke: Wand              |       |     2 |     8 ||    10
    Use: Potion            |     1 |     1 |     1 ||     3
         Scroll            |       |       |     1 ||     1
   Stab: Sleeping          |     2 |       |       ||     2
         Paralysed         |       |       |     7 ||     7
 Armour: Skin              |     8 |     7 |     8 ||    23
  Dodge: Dodged            |    79 |   102 |    63 ||   244

Table legend: (Time is in decaauts)
 A = Elapsed time spent in this place.
 B = Non-inter-level travel time spent in this place.
 C = Inter-level travel time spent in this place.
 D = Time resting spent in this place.
 E = Time spent auto-exploring this place.
 F = Levels seen in this place.
 G = Mean time per level.
                   A        B        C        D        E       F      G
               +--------+--------+--------+--------+--------+-----+--------+
         Total |   3980 |   3822 |    158 |    508 |   2472 |   6 |  663.3 |
       Dungeon |   3744 |   3612 |    132 |    508 |   2277 |   5 |  748.8 |
        Temple |    236 |    211 |     25 |      0 |    195 |   1 |  236.0 |
               +--------+--------+--------+--------+--------+-----+--------+

Top non-repeatable levels by time:
     D:4: 1096 daAuts
     D:3: 928 daAuts
     D:2: 649 daAuts
     D:1: 599 daAuts
     D:5: 471 daAuts
  Temple: 236 daAuts
